 Dungeon Crawl Stone Soup version 0.26-a0-949-ga0cc1ef5f6 (webtiles) character file.

Game seed: 5653537116916689058

15467 marklar909 the Basher (level 12, -17/118 HPs)
             Began as a Troll Monk on Nov 29, 2020.
             Was a High Priest of Zin.
             Demolished by a slime creature (21 damage)
             ... on level 12 of the Dungeon.
             The game lasted 00:29:24 (11146 turns).

marklar909 the Basher (Troll Monk)                 Turns: 11146, Time: 00:29:25

Health: -17/118    AC: 12    Str: 25    XL:     12   Next: 1%
Magic:  16/16      EV: 14    Int:  9    God:    Zin [*****.]
Gold:   291        SH:  5    Dex: 19    Spells: 11/11 levels left

rFire    . . .     SeeInvis .   t - +1 giant club
rCold    . . .     Faith    .   (shield currently unavailable)
rNeg     + . .     Spirit   .   b - +1 robe
rPois    ∞         Reflect  +   u - +2 hat
rElec    .         Harm     .   v - +2 cloak
rCorr    .         Rampage  .   (gloves unavailable)
MR       +....                  (boots unavailable)
Stlth    +++.......             g - amulet of reflection
HPRegen  0.69/turn              F - ring of positive energy
MPRegen  0.15/turn              J - ring of protection from magic

@: vitalised
A: large, unfitting armour, claws 3, regeneration 1, shaggy fur 1, tough skin 3
a: Recite, Vitalisation, Imprison, Sanctuary, Donate Gold, Renounce Religion


You were on level 12 of the Dungeon.
You worshipped Zin.
Zin was extremely pleased with you.
You visited 1 branch of the dungeon, and saw 12 of its levels.
You also visited: Sewer and Ossuary.

You collected 665 gold pieces.
You spent 182 gold pieces at shops.
You donated 192 gold pieces to Zin.

Inventory:

Hand Weapons
 t - a +1 giant club (weapon)
 E - a +0 giant spiked club
Missiles
 w - 4 silver boomerangs
 B - 4 boomerangs (quivered)
Armour
 b - a +1 robe (worn)
 u - a +2 hat (worn)
 v - a +2 cloak (worn)
Jewellery
 g - an amulet of reflection (around neck)
 r - an uncursed ring of resist corrosion
 C - an uncursed amulet of guardian spirit {unknown}
 D - an uncursed amulet of faith {unknown}
 F - a ring of positive energy (left claw)
 I - a +6 ring of intelligence {unknown}
 J - a ring of protection from magic (right claw)
 L - a +6 ring of dexterity {unknown}
Wands
 o - a wand of disintegration (14)
 y - a wand of acid (9)
 H - a wand of paralysis (13)
Scrolls
 a - a scroll of fear
 c - 8 scrolls of remove curse
 e - 3 scrolls of teleportation
 f - 3 scrolls of amnesia
 i - 2 scrolls of identify
 l - 5 scrolls of enchant armour
 n - 2 scrolls of enchant weapon
 q - a scroll of magic mapping
 A - 4 scrolls of fog
Potions
 d - a potion of cancellation
 h - a potion of flight {unknown}
 j - 3 potions of might
 k - 2 potions of resistance
 m - 4 potions of mutation
 p - 2 potions of heal wounds
 s - 3 potions of lignification
 x - a potion of haste {unknown}
 z - 6 potions of curing
 G - 4 potions of brilliance
 K - a potion of berserk rage
 O - a potion of magic {unknown}
Miscellaneous
 M - a lightning rod (1/4)
 N - a tin of tremorstones (inert)


   Skills:
 * Level 7.5 Fighting
 + Level 10.5 Maces & Flails
 + Level 0.3 Throwing
 * Level 6.0 Dodging
 + Level 3.2 Stealth
 * Level 3.0 Shields
 * Level 7.1 Invocations
 + Level 5.4 Evocations


You had 11 spell levels left.
You didn't know any spells.
Your spell library contained the following spells:

 Spells                   Type           Power        Failure   Level
 Summon Small Mammal      Summ           #...         38%         1
 Call Imp                 Summ           #.......     52%         2
 Call Canine Familiar     Summ           #.......     77%         3
 Confusing Touch          Hex            #.......     77%         3
 Gell's Gravitas          Tloc           #.........   77%         3
 Summon Guardian Golem    Hex/Summ       #.......     77%         3
 Petrify                  Tmut/Erth      #.......     99%         4
 Summon Ice Beast         Ice/Summ       #.......     99%         4
 Summon Lightning Spire   Summ/Air       #.......     99%         4
 Metabolic Englaciation   Hex/Ice        #.........   100%        5
 Yara's Violent Unravell  Hex/Tmut       #.........   100%        5


Dungeon Overview and Level Annotations

Branches:
Dungeon (12/15)            Temple (0/1) D:5            Lair (0/6) D:11
  Sewer (visited)         Ossuary (visited)
    Orc: D:9-12

Altars:
Dithmenos
Gozag
Kikubaaqudgha
Nemelex Xobeh
Trog
Wu Jian
Xom
Yredelemnul
Zin
The Shining One
Beogh

Shops:
D:7 *   D:11 *


Innate Abilities, Weirdness & Mutations

You are too large for most types of armour.
You have claws for hands.
Your natural rate of healing is unusually fast.
You are covered in fur. (AC +1)
You have extremely tough skin. (AC +3)


Message History

The slime creature hits you!
You completely miss the slime creature.
The slime creature is heavily wounded.
The slime creature closely misses you. The slime creature hits you!
You hit the slime creature.
The slime creature is heavily wounded.
The slime creature hits you!
* * * LOW HITPOINT WARNING * * *
The slime creature misses you.
You hit the slime creature.
The slime creature is heavily wounded.
The slime creature hits you!
* * * LOW HITPOINT WARNING * * *
The slime creature hits you but does no damage.
You sock the slime creature!
The slime creature is severely wounded.
The slime creature hits you!
* * * LOW HITPOINT WARNING * * *
The slime creature hits you!!
You die...

.........#.............#.....+...
#####....#...#####.....#####.####
....#....#...#...#.........#.....
....#....#...#...'.........#.....
....######...#...#....÷....######
.............#...#J...)...)......
.............#...#...........)...
.####...)....#####.........).....
.# #...........@J.....###.......
.# #...........J......# #..)....
.# #..................# #####...
## #.....############.# #...
#.....# #.# #... #.....# ## #...
####### ####


You could see 2 slime creatures.

Vanquished Creatures
  A boulder beetle (D:10)
  5 two-headed ogres
  2 orc knights (D:11)
  A manticore (D:12)
  2 ugly things (D:11)
  2 trolls
  2 slime creatures (D:12)
  Prince Ribbit (D:9)
  A wyvern (D:10)
  A wraith (D:10)
  5 yaks (D:11)
  A black bear (D:11)
  5 sky beasts
  5 orc warriors
  3 phantoms
  3 ice beasts
  6 ogres
  A necrophage (D:8)
  13 centaurs
  7 big kobolds (Sewer)
  5 bullfrogs
  A gnoll sergeant (D:11)
  11 scorpions
  9 killer bees
  5 wights (D:6)
  3 howler monkeys (D:9)
  3 centaur zombies
  3 bullfrog zombies
  A quasit (D:5)
  A human zombie (Ossuary)
  2 jellies
  Crazy Yiuf (D:4)
  3 hounds
  8 orc priests
  A centaur skeleton (D:8)
  3 bullfrog skeletons
  3 iguanas
  7 worker ants
  15 orc wizards
  2 hell rats (D:11)
  2 killer bee zombies (D:6)
  3 big kobold zombies (Ossuary)
  2 hound zombies (D:6)
  3 mummies (Ossuary)
  3 hound skeletons
  A howler monkey zombie (D:6)
  A worker ant zombie (D:11)
  17 adders
  9 gnolls
  A river rat (Sewer)
  6 scorpion zombies (Ossuary)
  3 white imps
  An ufetubus (D:6)
  3 oozes
  4 adder zombies
  6 worms
  3 dart slugs (D:1)
  9 leopard geckos
  46 orcs
  8 ball pythons
  A bat (D:3)
  8 giant cockroaches
  3 gnoll zombies (Ossuary)
  3 goblins
  5 hobgoblins
  18 jackals
  7 quokkas
  6 frilled lizards
  2 goblin zombies (Ossuary)
  A hobgoblin zombie (Ossuary)
  A jackal skeleton (D:7)
  7 kobolds
  2 kobold zombies (Ossuary)
  2 orc zombies (Ossuary)
  A quokka skeleton (D:7)
  9 rats
  2 rat zombies (D:6)
363 creatures vanquished.

Vanquished Creatures (others)
  A goblin zombie (Ossuary)
  8 withered plants (D:6)
9 creatures vanquished.

Grand Total: 372 creatures vanquished

Notes
Turn   | Place    | Note
-------+----------+-------------------------------------------
     0 | D:1      | marklar909 the Troll Monk began the quest for the Orb.
     0 | D:1      | Reached XP level 1. HP: 22/22 MP: 0/0
   181 | D:1      | Reached XP level 2. HP: 29/29 MP: 1/1
   273 | D:1      | Reached skill level 3 in Maces & Flails
   285 | D:1      | You fall into a shaft and drop 1 floor!
   323 | D:2      | Reached XP level 3. HP: 35/36 MP: 2/2
   346 | D:2      | Found an opulent altar of Gozag.
   346 | D:2      | Found a sparkling altar of Nemelex Xobeh.
  1271 | D:3      | Found a glowing silver altar of Zin.
  1271 | D:3      | Noticed an angel
  1292 | D:3      | Became a worshipper of Zin the Law-Giver
  1292 | D:3      | Reached * piety under Zin
  1292 | D:3      | Reached ** piety under Zin
  1333 | D:3      | Reached *** piety under Zin
  1344 | D:3      | Reached XP level 4. HP: 44/44 MP: 3/3
  2060 | D:4      | Reached XP level 5. HP: 50/53 MP: 1/4
  2077 | D:4      | Noticed an ogre
  2083 | D:4      | Found an ornate altar of the Wu Jian Council.
  2088 | D:4      | Killed an ogre
  2089 | D:4      | Reached skill level 4 in Maces & Flails
  2089 | D:4      | Reached skill level 1 in Evocations
  2091 | D:4      | Noticed an ogre
  2124 | D:3      | Reached XP level 6. HP: 12/61 MP: 5/5
  2340 | D:4      | Reached skill level 1 in Invocations
  2382 | D:4      | Found a transporter.
  2391 | D:4      | Found a transporter.
  2620 | D:4      | Found a runed translucent door.
  2621 | D:4      | Noticed Crazy Yiuf
  3073 | D:5      | Entered Level 5 of the Dungeon
  3098 | D:5      | Reached XP level 7. HP: 57/68 MP: 7/7
  3229 | D:5      | Found a staircase to the Ecumenical Temple.
  3262 | D:5      | Reached skill level 5 in Maces & Flails
  3262 | D:5      | Reached skill level 1 in Shields
  3353 | D:5      | Found a glowing drain.
  3363 | Sewer    | Entered a sewer
  3529 | Sewer    | Reached XP level 8. HP: 77/78 MP: 8/8
  3839 | Sewer    | Reached skill level 6 in Maces & Flails
  3999 | D:5      | Found a basalt altar of Yredelemnul.
  4173 | D:5      | Donated 126 gold pieces to Zin
  4182 | D:5      | Reached **** piety under Zin
  4250 | D:6      | Found a sand-covered staircase.
  4271 | Ossuary  | Entered an ossuary
  4450 | Ossuary  | Reached skill level 5 in Fighting
  4473 | Ossuary  | Reached XP level 9. HP: 84/88 MP: 10/10
  4499 | Ossuary  | Reached skill level 7 in Maces & Flails
  5041 | D:6      | Reached ***** piety under Zin
  5051 | D:6      | Found a shimmering altar of Xom.
  5523 | D:7      | Reached skill level 8 in Maces & Flails
  5859 | D:7      | Found Abefij's Assorted Antiques.
  5879 | D:7      | Bought an inky potion for 27 gold pieces
  5879 | D:7      | Bought a fuming sapphire potion for 27 gold pieces
  5879 | D:7      | Bought a scroll labelled LIYTWA JICO for 30 gold pieces
  6244 | D:8      | Reached XP level 10. HP: 61/98 MP: 12/12
  6555 | D:8      | Found an ancient bone altar of Kikubaaqudgha.
  6558 | D:8      | Found a shadowy altar of Dithmenos.
  6561 | D:8      | Found a bloodstained altar of Trog.
  6965 | D:8      | Found a glowing golden altar of the Shining One.
  7005 | D:9      | Noticed Prince Ribbit
  7026 | D:8      | Reached skill level 5 in Dodging
  7292 | D:9      | Killed Prince Ribbit
  7293 | D:9      | Reached skill level 9 in Maces & Flails
  7566 | D:9      | Found a shimmering altar of Xom.
  7723 | D:10     | Entered Level 10 of the Dungeon
  7808 | D:10     | Reached skill level 5 in Invocations
  7900 | D:10     | Noticed a boulder beetle
  7960 | D:10     | Killed a boulder beetle
  8018 | D:10     | Noticed a two-headed ogre
  8110 | D:10     | Killed a two-headed ogre
  8425 | D:10     | Reached XP level 11. HP: 107/107 MP: 14/14
  8641 | D:11     | Found Unib's General Store.
  8645 | D:11     | Bought a scroll of identify for 28 gold pieces
  8645 | D:11     | Bought a potion of berserk rage for 70 gold pieces
  8702 | D:11     | Noticed a red ugly thing
  8712 | D:11     | Killed a red ugly thing
  8716 | D:11     | Noticed a two-headed ogre
  9122 | D:4      | Killed Crazy Yiuf
  9338 | D:11     | Reached ****** piety under Zin
  9359 | D:11     | Found a sparkling altar of Nemelex Xobeh.
  9388 | D:11     | Noticed a brown ugly thing
  9397 | D:11     | Noticed an orc knight
  9402 | D:11     | Noticed an orc knight
  9408 | D:11     | HP: 3/107 [acid (10)]
  9412 | D:11     | Found a staircase to the Lair.
  9614 | D:11     | Killed a brown ugly thing
  9615 | D:11     | Killed a two-headed ogre
  9616 | D:11     | Reached skill level 5 in Evocations
  9683 | D:11     | Reached skill level 10 in Maces & Flails
  9694 | D:11     | Killed an orc knight
  9854 | D:11     | Killed an orc knight
  9959 | D:11     | Noticed a death yak
  9962 | D:11     | Noticed a death yak
  9984 | D:11     | Noticed a death yak
 10007 | D:11     | Found a roughly hewn altar of Beogh.
 10196 | D:12     | Noticed a two-headed ogre
 10212 | D:12     | Killed a two-headed ogre
 10374 | D:12     | Noticed a two-headed ogre
 10390 | D:12     | Killed a two-headed ogre
 10632 | D:12     | Noticed a two-headed ogre
 10640 | D:12     | Killed a two-headed ogre
 11070 | D:12     | Reached XP level 12. HP: 43/118 MP: 16/16
 11146 | D:12     | HP: 4/118 [slime creature (13)]
 11146 | D:12     | Demolished by a slime creature

Illustrated notes

Levels and vault maps discovered:
D:1:      saegor_arrival_miasma, layout_basic
D:2:      layout_loops_ring, grunt_temple_overflow_opulence,
          minmay_shallow_snake_nest
D:3:      layout_loops_ring, zin_angel
D:4:      layout_basic, gammafunk_temple_overflow_arena, uniq_crazy_yiuf_cottage
D:5:      layout_basic, minmay_temple_entry_ruins, portal_sewer_entry_f,
          basic_altar
D:6:      layout_basic, basic_altar, enter_ossuary_4, serial_undead,
          serial_undead_c, serial_undead_c, serial_undead_c, serial_undead_b,
          serial_undead_b, hangedman_decor_peaks_small, hex_medium,
          minmay_misc_feat_roman
D:7:      layout_rooms, serial_shops, nicolae_shop_stone
D:8:      layout_basic, tso_oasis_becter, grunt_temple_overflow_diamond
D:9:      layout_cave_pools, xom_butterflies, roderic_roman_lattice,
          uniq_prince_ribbit1
D:10:     layout_loops_ring, minmay_diamond_spiral
D:11:     layout_basic, dpeg_lair_monsters, david_orc_5, serial_shops, shop,
          shop, nicolae_shop_crystal, shop_statue, shop,
          nemelex_xobeh_ov_fountains_minmay
D:12:     layout_irregular_city, minmay_evil_grid

Skill      XL: |  1  2  3  4  5  6  7  8  9 10 11 |
---------------+----------------------------------+-----
Maces & Flails | 3 4 5 6 8 9 10 | 10.5
Dodging        | 3 4 5 6 |  6.0
Fighting       | 3 4 5 6 7 |  7.5
Evocations     | 1 2 3 4 5 |  5.4
Invocations    | 1 2 3 4 5 7 |  7.1
Shields        | 1 2 3 |  3.0
Stealth        | 2 3 |  3.2
Throwing       | |  0.3

Action                   |  1- 3 |  4- 6 |  7- 9 | 10-12 || total
-------------------------+-------+-------+-------+-------++-------
Melee: Mace              |   113 |   142 |       |       ||   255
       Giant club        |       |    64 |   547 |   451 ||  1062
Throw: Boomerang         |       |       |       |     7 ||     7
Invok: Vitalisation      |       |     4 |     4 |     5 ||    13
       Recite            |       |     5 |     7 |    24 ||    36
       Donate Gold       |       |       |     1 |       ||     1
       Imprison          |       |       |       |     2 ||     2
       Sanctuary         |       |       |       |     1 ||     1
Evoke: Wand              |       |     2 |       |     9 ||    11
       Lightning rod     |       |       |       |     5 ||     5
       Tin of tremorston |       |       |       |     2 ||     2
  Use: Scroll            |       |       |    18 |    10 ||    28
       Potion            |       |       |       |     3 ||     3
 Stab: Sleeping          |     2 |     1 |     7 |     6 ||    16
       Paralysed         |       |       |     1 |    14 ||    15
       Confused          |       |       |       |     8 ||     8
       Invisible         |       |       |       |     3 ||     3
Armor: Robe              |    76 |   153 |   223 |   196 ||   648
Dodge: Dodged            |   119 |   220 |   335 |   413 ||  1087
Block: Other             |       |    76 |   140 |   147 ||   363
       Reflection        |       |       |     1 |     1 ||     2

Table legend: (Time is in decaauts)
 A = Elapsed time spent in this place.
 B = Non-inter-level travel time spent in this place.
 C = Inter-level travel time spent in this place.
 D = Time resting spent in this place.
 E = Time spent auto-exploring this place.
 F = Levels seen in this place.
 G = Mean time per level.
                   A        B        C        D        E       F      G
               +--------+--------+--------+--------+--------+-----+--------+
         Total |  11585 |  10705 |    880 |    763 |   6702 |  14 |  827.5 |
       Dungeon |  10330 |   9450 |    880 |    763 |   6005 |  12 |  860.8 |
         Sewer |    773 |    773 |      0 |      0 |    480 |   1 |  773.0 |
       Ossuary |    481 |    481 |      0 |      0 |    216 |   1 |  481.0 |
               +--------+--------+--------+--------+--------+-----+--------+

Top non-repeatable levels by time:
     D:4: 1320 daAuts
    D:11: 1081 daAuts
     D:2: 1002 daAuts
     D:8: 977 daAuts
    D:12: 967 daAuts
    D:10: 957 daAuts
     D:6: 924 daAuts
     D:3: 792 daAuts
   Sewer: 773 daAuts
     D:9: 769 daAuts
     D:7: 662 daAuts
     D:5: 582 daAuts
 Ossuary: 481 daAuts
     D:1: 291 daAuts
